 Dungeon Crawl Stone Soup version 0.28.0 (webtiles) character file.

Game seed: 17963499899500113649

5675 SnakkuSnakku7 the Severer (level 10, -15/93 HPs)
             Began as a Hill Orc Fighter on Feb 16, 2022.
             Was a Believer of the Shining One.
             Demolished by a boulder beetle (38 damage)
             ... on level 9 of the Dungeon.
             The game lasted 00:10:57 (7407 turns).

SnakkuSnakku7 the Severer (Hill Orc Fighter)        Turns: 7407, Time: 00:10:57

Health: -15/93     AC: 13    Str: 24    XL:     10   Next: 75%
Magic:  10/10      EV:  6    Int: 12    God:    the Shining One [**....]
Gold:   338        SH:  0    Dex: 10    Spells: 9/9 levels left

rFire   . . .      SeeInvis .   b - +4 battleaxe
rCold   . . .      Faith    .   (shield currently unavailable)
rNeg    + . .      Spirit   .   N - +1 plate armour of Lifelessness {Int+4}
rPois   .          Reflect  .   (no helmet)
rElec   .          Harm     .   G - +0 cloak
rCorr   .          Rampage  .   (no gloves)
Will    +....                   (no boots)
Stlth   ..........              h - amulet of regeneration
HPRegen 1.05/turn               r - ring of willpower
MPRegen 0.12/turn               (no ring)

@: lethally poisoned (-15 -> -15), glowing
A: no striking features
a: Renounce Religion, Divine Shield


You were on level 9 of the Dungeon.
You worshipped the Shining One.
The Shining One was pleased with you.
You visited 2 branches of the dungeon, and saw 10 of its levels.

You collected 531 gold pieces.
You spent 193 gold pieces at shops.

Inventory:

Hand Weapons
 a - a +2 battleaxe of venom
 b - a +4 battleaxe (weapon)
 E - a +0 war axe
Missiles
 t - 14 poisoned darts (quivered)
 H - 2 throwing nets
Armour
 c - a +0 buckler
 A - a +4 ring mail of fire resistance
 B - a +0 chain mail of cold resistance
 F - a +2 chain mail of fire resistance
 G - a +0 cloak (worn)
 N - the +1 plate armour of Lifelessness (worn) {Int+4}
   (You found it on level 8 of the Dungeon)

   Int:       It affects your intelligence (+4).
Jewellery
 h - an amulet of regeneration (around neck)
 r - a ring of willpower (left hand)
 L - a ring of poison resistance
 M - an amulet of reflection
Wands
 z - a wand of digging (2)
 O - a wand of flame (9)
Scrolls
 g - 8 scrolls of identify {unknown}
 i - 3 scrolls of summoning {unknown}
 j - a scroll of enchant weapon {unknown}
 n - 4 scrolls of fear {unknown}
 o - a scroll of fog {unknown}
 p - 2 scrolls of holy word {unknown}
 w - a scroll of immolation {unknown}
 x - 6 scrolls of teleportation {unknown}
 y - 2 scrolls of vulnerability {unknown}
 C - a scroll of amnesia {unknown}
 D - 3 scrolls of magic mapping {unknown}
 I - 2 scrolls of enchant armour {unknown}
Potions
 d - 3 potions of might
 e - 2 potions of magic {unknown}
 f - 4 potions of heal wounds {unknown}
 k - a potion of ambrosia {unknown}
 l - 7 potions of curing {unknown}
 m - 3 potions of brilliance
 q - a potion of attraction {unknown}
 s - 3 potions of flight {unknown}
 u - a potion of cancellation {unknown}
 v - a potion of degeneration {unknown}
 J - a potion of invisibility {unknown}
 K - a potion of haste {unknown}


   Skills:
 - Level 10.0 Fighting
 + Level 17.5 Axes
 - Level 3.2 Armour
 - Level 3.2 Shields


You had 9 spell levels left.
You didn't know any spells.
Your spell library contained the following spells:

 Spells                   Type           Power      Damage    Failure   Level
 Beastly Appendage        Tmut           0%         N/A       99%         1
 Shock                    Conj/Air       0%         1d3       99%         1
 Wereblood                Tmut           0%         N/A       100%        2
 Spider Form              Tmut/Pois      0%         N/A       100%        3
 Swiftness                Air            0%         N/A       100%        3
 Airstrike                Air            0%         N/A       100%        4


Dungeon Overview and Level Annotations

Branches:
Dungeon (9/15)             Temple (1/1) D:6            Lair (0/6) D:8
    Orc: D:9-12

Altars:
Cheibriados
Dithmenos
Fedhas
Gozag
Hepliaklqana
Kikubaaqudgha
Makhleb
Nemelex Xobeh
Okawaru
Qazlal
Ru
Sif Muna
Trog
Uskayaw
Vehumet
Wu Jian
Xom
Yredelemnul
Zin
The Shining One

Shops:
D:5 *

Annotations:
D:9 Erica, Joseph


Message History

No target in view!
Items here: ))) [[ ††.
Okay, then.
You open the door.
Erica and a boulder beetle come into view.
Erica is wielding a +0 scimitar of flaming.
There is an open door here.
The boulder beetle curls into a ball and begins rolling!
There is an open door here.
You slash the boulder beetle!
The boulder beetle is lightly wounded.
The boulder beetle hits you!!!
Ouch! That really hurt!
The boulder beetle stops rolling and uncurls.
You are too injured to fight recklessly!
You are too injured to fight recklessly!
The boulder beetle leaps!
Items here: ))) [[ ††.
Aiming: Dig
Press: ? - help, Shift-Dir - straight line A rock wall.
This square is lit by a halo.
The rock shatters into small pieces.
The boulder beetle curls into a ball and begins rolling!
Erica drinks a potion.
Erica's spells are empowered!
Erica casts a spell at you. The bolt of poison hits you!
You are poisoned.
You feel very sick.
Erica gestures wildly while chanting.
Erica flickers and vanishes!
Deactivating autopickup; reactivate with Ctrl-A.
You feel very sick.
You feel very sick.
You feel sick.
You feel sick.
You feel sick.
You feel sick.
You feel sick. The boulder beetle hits you!!!
You die...

#.#.###.######.# #.#...# #.#
#.#.....#...##.# #.#.### #.#
#.#######......# #.#.# #.# #+#
#...#### #.#.#####.# ...# ##.##
#.........# # ....# #.##
#####.######### .....## #..##
#......>..# ##.
......####...######.###.....###..
.....°'.....°°○B@.............'..
....○.#.##...######.##......###..
...°.##)##..### #.##.##.#.# ##.
....# #..#....# #.##.####.# ##
...# #.#{#.#.# #.........# # #+#
#.##..#.# ####.###### #.# #.# #
##.## #.. .... #...# ### ###.#
###...###


You could see a boulder beetle (rolling).

Vanquished Creatures
  Grinder (D:4)
  A shadow (D:8)
  2 wyverns
  5 yaks (D:9)
  4 fire bats (D:8)
  A basilisk (D:8)
  A hell hound (D:8)
  4 water moccasins
  Duvessa (D:5)
  3 sky beasts
  3 black bears
  3 necrophages
  4 wolves (D:7)
  An ogre (D:6)
  4 centaurs
  A bullfrog (D:7)
  A gnoll sergeant (D:8)
  3 scorpions
  2 water moccasin skeletons (D:5)
  Dowan (D:5)
  3 wights
  2 centaur zombies
  2 lava snakes (D:8)
  4 hounds
  A jelly (D:5)
  3 orc priests (D:6)
  2 iguanas
  Ijyb (D:5)
  3 centaur skeletons
  5 orc wizards
  2 killer bee zombies
  A howler monkey zombie (D:9)
  5 adders
  5 gnolls (D:8)
  A shadow imp (D:6)
  An adder skeleton (D:4)
  3 worms
  3 dart slugs (D:4)
  26 orcs
  9 endoplasms
  3 giant cockroaches
  5 goblins
  4 hobgoblins
  3 quokkas
  6 ball pythons
  5 bats
  4 frilled lizards
  9 kobolds
  3 rats
  2 fire vortices (D:8)
172 creatures vanquished.

Vanquished Creatures (others)
  A fire vortex (D:8)
  2 fungi (D:8)
  11 plants
14 creatures vanquished.

Grand Total: 186 creatures vanquished

Notes
Turn   | Place    | Note
-------+----------+-------------------------------------------
     0 | D:1      | SnakkuSnakku7 the Hill Orc Fighter began the quest for the
                  | Orb.
     0 | D:1      | Reached XP level 1. HP: 19/19 MP: 1/1
   166 | D:1      | Reached skill level 3 in Axes
   174 | D:1      | Reached XP level 2. HP: 19/27 MP: 2/2
   790 | D:2      | Reached XP level 3. HP: 24/34 MP: 3/3
   994 | D:2      | Reached skill level 4 in Axes
  1149 | D:2      | Identified the +2 scale mail of Seixento {Dex+3}
  1746 | D:3      | Reached XP level 4. HP: 41/41 MP: 4/4
  2174 | D:3      | Reached skill level 5 in Fighting
  2433 | D:3      | Reached skill level 5 in Axes
  2539 | D:4      | Reached XP level 5. HP: 48/48 MP: 5/5
  2582 | D:4      | Noticed Grinder
  2640 | D:4      | Paralysed by Grinder for 6 turns
  2650 | D:4      | Paralysed by Grinder for 6 turns
  2657 | D:4      | Killed Grinder
  2658 | D:4      | Reached skill level 6 in Axes
  2658 | D:4      | Reached XP level 6. HP: 26/58 MP: 6/6
  2936 | D:4      | Reached skill level 7 in Axes
  2936 | D:4      | Reached XP level 7. HP: 49/66 MP: 7/7
  3272 | D:5      | Entered Level 5 of the Dungeon
  3272 | D:5      | Found Athetoma's Assorted Antiques.
  3281 | D:5      | Bought a scroll labelled OTUVUD BOGEEFUI for 28 gold pieces
  3281 | D:5      | Bought a scroll labelled HAMEEF INWUES for 28 gold pieces
  3281 | D:5      | Bought a scroll labelled OTUVUD BOGEEFUI for 28 gold pieces
  3281 | D:5      | Bought a cyan potion for 25 gold pieces
  3292 | D:5      | Bought 3 scrolls labelled RUNORH BILEE for 84 gold pieces
  3300 | D:5      | Noticed Duvessa
  3304 | D:5      | Noticed Dowan
  3527 | D:5      | Noticed Ijyb
  3542 | D:5      | Killed Ijyb
  3620 | D:5      | Reached skill level 8 in Axes
  3856 | D:6      | Reached XP level 8. HP: 65/74 MP: 8/8
  3954 | D:6      | Found a staircase to the Ecumenical Temple.
  3959 | Temple   | Entered the Ecumenical Temple
  4155 | Temple   | Became a worshipper of the Shining One
  4286 | D:6      | Reached skill level 9 in Axes
  4634 | D:5      | Killed Duvessa
  4635 | D:5      | Reached skill level 10 in Axes
  4636 | D:5      | Killed Dowan
  5237 | D:7      | Found a shadowy altar of Dithmenos.
  5381 | D:7      | Reached skill level 10 in Fighting
  5578 | D:7      | Reached XP level 9. HP: 79/85 MP: 9/9
  5652 | D:6      | Reached * piety under the Shining One
  5653 | D:6      | Reached skill level 11 in Axes
  6000 | D:7      | Reached skill level 12 in Axes
  6197 | D:7      | Reached skill level 13 in Axes
  6299 | D:7      | Reached skill level 14 in Axes
  6328 | D:8      | Reached XP level 10. HP: 60/93 MP: 10/10
  6375 | D:8      | Found a staircase to the Lair.
  6381 | D:8      | Reached skill level 15 in Axes
  6382 | D:8      | Identified the +6 morningstar "Orb Guardian's Doom"
                  | {vorpal, *Noise +Blink Stlth+}
  6624 | D:8      | Reached skill level 16 in Axes
  6709 | D:8      | Identified the +1 plate armour of Lifelessness {Int+4}
  6954 | D:9      | Reached skill level 17 in Axes
  7035 | D:9      | Noticed Joseph
  7138 | D:9      | Reached ** piety under the Shining One
  7274 | D:9      | Identified the +9 rapier of Duty {antimagic, Str-2 Int+5}
  7392 | D:9      | Noticed Erica
  7392 | D:9      | Noticed a boulder beetle
  7407 | D:9      | Demolished by a boulder beetle

Illustrated notes

Levels and vault maps discovered:
D:1:      tarquinn_simple_flora_water_d, layout_basic, serial_park_tiny_2,
          minmay_misc_feat_chi, minivault_5, amcnicky_mini_rare_corridor_liquid
D:2:      layout_basic, grunt_ministairs_10
D:3:      layout_loops_corners
D:4:      layout_loops_ring, uniq_grinder
D:5:      layout_loops_ring, serial_shops, nicolae_shop_overgrown_old_shop,
          uniq_duvessa, uniq_ijyb
D:6:      layout_cave_pools, temple_doors_ab, serial_glass, glass_columns_a,
          glass_columns_b, glass_columns_a, glass_columns_a, glass_columns_b
D:7:      layout_gridville, grunt_dithmenos_smoke
D:8:      layout_basic, minmay_lair_entry_grove, hangedman_incinerator
D:9:      layout_loops_corners, orc_0_dummy, uniq_joseph, uniq_erica
Temple:   roderic_octagonal_lattice_temple

Skill      XL: |  1  2  3  4  5  6  7  8  9 10 |
---------------+-------------------------------+-----
Axes           | 3 4 5 6 7 8 10 14 17 | 17.5
Fighting       | 4 5 6 7 8 10 | 10.0
Armour         | |  3.2
Shields        | |  3.2

Action                   |  1- 3 |  4- 6 |  7- 9 | 10-12 || total
-------------------------+-------+-------+-------+-------++-------
Melee: War axe           |    78 |   113 |   116 |       ||   307
       Battleaxe         |       |       |   113 |    83 ||   196
Throw: Dart              |       |       |     5 |       ||     5
Evoke: Wand              |       |       |     1 |     2 ||     3
Armor: Scale mail        |    25 |    54 |    28 |       ||   107
       Ring mail         |       |       |    65 |       ||    65
       Chain mail        |       |       |    80 |    26 ||   106
       Plate armour      |       |       |       |    18 ||    18
Dodge: Dodged            |    33 |    54 |   154 |    35 ||   276
Block: Buckler           |    22 |    23 |    38 |       ||    83
